 Dungeon Crawl Stone Soup version 0.31.0-32-g396128a36d (webtiles) character file.

Game seed: 2939171149955737676

202 Curundu the Chopper (level 5, 0/70 HPs)
             Began as a Minotaur Berserker on Mar 21, 2024.
             Was a Priest of Trog.
             Slain by a water moccasin (4 damage)
             ... on level 4 of the Dungeon.
             The game lasted 00:07:13 (2197 turns).

Curundu the Chopper (Minotaur Berserker)            Turns: 2197, Time: 00:07:14

Health: 0/70       AC:  3    Str: 24    XL:     5   Next: 50%
Magic:  4/4        EV: 12    Int:  4    God:    Trog [***...]
Gold:   131        SH:  0    Dex:  9    Spells: 4/4 levels left

rFire   . . .        a - +0 hand axe
rCold   . . .        (no shield)
rNeg    . . .        b - +0 animal skin
rPois   .            (helmet restricted)
rElec   .            n - +0 cloak
rCorr   .            (no gloves)
SInv    .            (no boots)
Will    .....        (no amulet) Stlth
                     (no ring)
HPRegen 0.31/turn    (no ring)
MPRegen 0.09/turn

%: no passive effects
@: berserking, lethally poisoned (0 -> -8), very quick
A: horns 2, retaliatory headbutt
a: Renounce Religion, Berserk, Trog's Hand


You were on level 4 of the Dungeon.
You worshipped Trog.
Trog was most pleased with you.
You visited 1 branch of the dungeon, and saw 4 of its levels.

You collected 131 gold pieces.

Inventory:

Hand Weapons
 a - a +0 hand axe (weapon)
Missiles
 d - a throwing net (quivered)
 o - 4 javelins
Armour
 b - a +0 animal skin (worn)
 n - a +0 cloak (worn)
Jewellery
 t - a ring of positive energy
Wands
 q - a wand of paralysis (3)
Scrolls
 c - 2 scrolls of poison {unknown}
 e - 2 scrolls of enchant weapon {unknown}
 f - 2 scrolls of immolation {unknown}
 g - 4 scrolls of identify {unknown}
 h - a scroll of noise {unknown}
 i - a scroll of amnesia {unknown}
 k - a scroll of vulnerability {unknown}
 l - 2 scrolls of fear {unknown}
 m - a scroll of teleportation {unknown}
Potions
 j - a potion of invisibility {unknown}
 p - 2 potions of lignification {unknown}
 r - a potion of berserk rage {unknown}
 s - a potion of ambrosia {unknown}


   Skills:
 + Level 4.7 Fighting
 + Level 5.9 Axes
 + Level 3.0 Armour
 + Level 3.1 Dodging
 + Level 1.0 Stealth


You had 4 spell levels left.
You didn't know any spells.
Your spell library was empty.

Dungeon Overview and Level Annotations

Branches:
Dungeon (4/15)
 Temple: D:4-7

Altars:
Elyvilon


Innate Abilities, Weirdness & Mutations

You have a pair of horns on your head.
You reflexively headbutt those who attack you in melee.


Message History

The water moccasin is severely wounded.
The adder hisses angrily.
You hit the ribbon worm. You miss the quokka.
* * * LOW HITPOINT WARNING * * *
You feel very sick. The quokka bites you.
* * * LOW HITPOINT WARNING * * *
The water moccasin closely misses you. The ribbon worm bites you.
* * * LOW HITPOINT WARNING * * *
You miss the water moccasin.
Your headbutt misses the water moccasin.
The water moccasin is severely wounded.
You slash the orc!
You feel the power of Trog in you as your rage grows.
You kill the orc!
Trog accepts your kill.
You slash the ribbon worm!
You feel the power of Trog in you as your rage grows.
You kill the ribbon worm!
Trog accepts your kill.
You closely miss the quokka.
* * * LOW HITPOINT WARNING * * *
You feel sick. The water moccasin closely misses you.
The quokka bites you but does no damage.
You barely miss the water moccasin.
The water moccasin is severely wounded.
You hit the giant cockroach. You slash the quokka!
You kill the quokka!
Trog accepts your kill.
* * * LOW HITPOINT WARNING * * *
You feel sick. The water moccasin barely misses you.
You hit the water moccasin.
The water moccasin is almost dead.
You slash the giant cockroach!
You kill the giant cockroach!
Trog accepts your kill.
* * * LOW HITPOINT WARNING * * *
You feel very sick. The water moccasin bites you.
You die...

#....##.#..
#.)...#.#.# #
#.....#.#.# .##
#.#'#.#.#.#########...
#.#.#.#.#....^........
#.#.#.#.#.............
#.#...#.#.....!......|
#.#............†......
#.....#.#.....@S......
#######.#.....).......
..#........?....
####.............
...........g...
###.............
.............S.
##.............


You could see a water moccasin, an adder and a goblin.

Vanquished Creatures
  A hound (D:4)
  Ijyb (D:3)
  Robin (D:3)
  4 adders
  2 dart slugs
  A ribbon worm (D:4)
  4 orcs
  8 ball pythons
  4 bats
  11 endoplasms
  2 giant cockroaches
  12 goblins
  8 hobgoblins
  3 jackals (D:1)
  2 kobolds (D:1)
  7 quokkas
  3 frilled lizards
  6 rats
80 creatures vanquished.

Notes
Turn   | Place    | Note
-------+----------+-------------------------------------------
     0 | D:1      | Curundu the Minotaur Berserker began the quest for the Orb.
     0 | D:1      | Reached XP level 1. HP: 19/19 MP: 0/0
   106 | D:1      | Reached skill level 4 in Axes
   106 | D:1      | Reached XP level 2. HP: 23/27 MP: 1/1
   402 | D:1      | Reached ** piety under Trog
   688 | D:1      | Reached XP level 3. HP: 33/33 MP: 2/2
   895 | D:2      | Found a white marble altar of Elyvilon.
  1419 | D:3      | Reached XP level 4. HP: 37/41 MP: 3/3
  1442 | D:3      | Found a faded altar of an unknown god.
  1602 | D:3      | Reached skill level 5 in Axes
  1721 | D:3      | Noticed Ijyb
  1727 | D:3      | Killed Ijyb
  1729 | D:3      | Noticed Robin
  1736 | D:3      | Reached XP level 5. HP: 43/47 MP: 4/4
  1736 | D:3      | Killed Robin
  1736 | D:3      | Reached *** piety under Trog
  2186 | D:4      | Noticed a water moccasin
  2194 | D:4      | Reached skill level 1 in Stealth
  2197 | D:4      | Slain by a water moccasin

Illustrated notes

Levels and vault maps discovered:
D:1:      co_arrival_random_square_maze, layout_basic,
          minmay_misc_feat_four_crosses
D:2:      layout_rooms, serial_corexii_hall, corexii_hall_statues_deadend,
          chequers_hall_statues_corner_a, basic_altar, kennysheep_flooded_box,
          kennysheep_generic_room_12
D:3:      layout_loops_cross, hellmonk_ecumenical_altar_slurped_away,
          minmay_misc_feat_secret_circle, uniq_ijyb, uniq_robin
D:4:      layout_basic, mainiacjoe_overflow_chevrons,
          mainiacjoe_overflow_brackets, lemuel_coloured_pillars_altar

Skill      XL: |  1  2  3  4  5 |
---------------+----------------+-----
Axes           | 4 5 |  5.9
Fighting       | 4 |  4.7
Armour         | 3 |  3.0
Dodging        | 3 |  3.1
Stealth        | 1 |  1.0

Action                     |  1- 3 |  4- 6 || total
---------------------------+-------+-------++-------
  Melee: Hand axe          |    62 |    59 ||   121
         Headbutt          |    10 |     9 ||    19
 Invoke: Trog's Hand       |       |     1 ||     1
         Berserk           |       |     1 ||     1
   Stab: Sleeping          |     1 |       ||     1
 Armour: Animal skin       |    53 |    40 ||    93
  Dodge: Dodged            |    50 |    39 ||    89
